 Dungeon Crawl Stone Soup version 0.17.1-1-g73c8601 (webtiles) character file.

681 Miyamura the Digger (level 7, -16/41 HPs)
             Began as a Gargoyle Earth Elementalist on Jan 6, 2016.
             Killed from afar by a centaur (17 damage)
             ... with a wand of fire
             ... on level 5 of the Dungeon.
             The game lasted 00:21:25 (7599 turns).

Miyamura the Digger (Gargoyle Earth Elementalist)   Turns: 7599, Time: 00:21:25

Health: -16/41     AC: 11    Str: 14    XL:     7   Next: 61%
Magic:  4/12       EV: 18    Int: 15    God:
Gold:   237        SH:  0    Dex: 15    Spells: 3 memorised, 7 levels left

rFire  . . .     SeeInvis .     t - +0 flail
rCold  . . .     Clarity  .     a - +0 robe
rNeg   + . .     SustAt   .     (no shield)
rPois  ∞         Gourm    .     (no helmet)
rElec  +         Spirit   .     v - +1 cloak {MR+}
rCorr  .         Warding  .     (no gloves)
rMut   .         Stasis   .     (no boots)
MR     +....                    (no amulet)
Stlth  ++++......               (no ring)
                                (no ring)

@: agile, stone skin, somewhat resistant to hostile enchantments, stealthy
A: negative energy resistance 1, electricity resistance, unbreathing,
petrification resistance, rot immunity, AC +4
a: no special abilities


You were on level 5 of the Dungeon.
You were not hungry.

You visited 1 branch of the dungeon, and saw 5 of its levels.

You collected 237 gold pieces.

Inventory:

Hand Weapons
 i - a +0 dagger of venom
 n - a +0 hand axe
 o - a +0 blowgun
 t - a +0 flail (weapon)
Missiles
 b - 165 stones (quivered)
 m - 15 poisoned needles
Armour
 a - a +0 robe (worn)
 j - an ice dragon hide
 v - a +1 cloak of magic resistance (worn)
Wands
 u - a wand of heal wounds (2)
 x - a wand of frost (40)
Scrolls
 k - a scroll of teleportation
 s - a scroll of remove curse
Potions
 e - a potion of curing
 g - 2 potions of might {unknown}
 h - a potion of mutation {unknown}
 q - a potion of brilliance {unknown}
 r - 2 potions of haste {unknown}
 w - a potion of heal wounds {unknown}
 z - a potion of poison {unknown}
Books
 c - a book of Geomancy

   Spells                             Type                      Level
   a - Sandblast                      Earth                        1
   b - Stoneskin                      Transmutation/Earth          2
   c - Passwall                       Transmutation/Earth          3
   d - Stone Arrow                    Conjuration/Earth            3
   e - Petrify                        Transmutation/Earth          4
   f - Lee's Rapid Deconstruction     Earth                        5
Comestibles
 d - 3 bread rations
 p - 3 fruits


   Skills:
 + Level 3.4 Fighting
 + Level 2.8 Maces & Flails
 + Level 3.0 Dodging
 - Level 4.0 Stealth
 + Level 3.6 Spellcasting
 - Level 0.7 Transmutations
 + Level 5.7 Earth Magic


You had 7 spell levels left.
You knew the following spells:

 Your Spells              Type           Power        Failure   Level  Hunger
a - Stone Arrow           Conj/Erth      ##....       21%         3    ###....
b - Sandblast             Erth           ###...       1%          1    None
s - Stoneskin             Trmt/Erth      ##......     10%         2    ##.....


Dungeon Overview and Level Annotations

Branches:
Dungeon (5/15)
 Temple: D:4-7

Altars:
Gozag

Shops:
D:5 (

Annotations:
D:3 Bubs's ghost, amateur OpAs
D:5 Bubs's ghost, amateur OpAs


Innate Abilities, Weirdness & Mutations

You are resistant to torment.
Your stone body is resilient (AC +4).
You are immune to poison.
You resist negative energy.
You are resistant to electric shocks.
You can survive without breathing.
You are immune to petrification.
You are immune to rotting.


Message History

Confirm with . or Enter, or press ? or * to list all spells.
Your skin hardens.
The centaur barely misses you.
The centaur drinks a potion.
The centaur is healed!
You closely miss the centaur.
The centaur is moderately wounded.
The centaur barely misses you. The centaur closely misses you.
You hit the centaur.
The centaur is moderately wounded.
The centaur zaps a wand.
The bolt of fire hits you!
The centaur zaps a wand.
The bolt of fire hits you!
* * * LOW HITPOINT WARNING * * *
You are too injured to fight recklessly!
You are too injured to fight recklessly!
Read which item? (? for menu, Esc to quit)
Okay, then.
Drink which item? (? for menu, Esc to quit)
You feel agile all of a sudden.
The centaur zaps a wand.
The bolt of fire misses you.
The centaur zaps a wand.
The bolt of fire hits you!
You die...

....................)###.#
.##....###..########.#...####.
.###.#..###.# ##..#.........
..##.##..##.######.....######.#
#..#.###.##............#####
#...###.>...........##.....
###..#######....#.......##
#....###.......<...##.#
#.##.##..#.##@##....#..
#........#.##..#....###.
...........##W###.c....# ..
..#...>...###.# #......##
...#######...# #.......#
.....######.### #.#....##
#...........# #.#....# #.
######...# #.#..[..# #.
####.#.# #.#.....#


You could see a centaur.

Vanquished Creatures
  An ice beast (D:4)
  A phantom (D:5)
  3 hounds
  Crazy Yiuf (D:4)
  2 orc priests (D:4)
  Ijyb (D:3)
  An orc wizard (D:3)
  3 worker ants (D:4)
  2 hound skeletons
  Robin (D:4)
  4 adders
  2 oozes (D:2)
  An adder zombie (D:5)
  An adder skeleton (D:4)
  2 worms
  2 giant geckos
  12 orcs
  4 giant cockroaches
  16 goblins
  11 hobgoblins
  11 kobolds
  3 bats
  6 giant newts
  2 jackals (D:2)
  10 rats
103 creatures vanquished.

Notes
Turn   | Place    | Note
--------------------------------------------------------------
     0 | D:1      | Miyamura the Gargoyle Earth Elementalist began the quest for the Orb.
     0 | D:1      | Reached XP level 1. HP: 10/10 MP: 3/3
     2 | D:1      | Noticed an electric eel
   620 | D:1      | Reached XP level 2. HP: 7/16 MP: 5/5
   791 | D:1      | Learned a level 2 spell: Stoneskin
  2090 | D:2      | Reached XP level 3. HP: 20/20 MP: 6/6
  2278 | D:2      | Reached skill level 1 in Fighting
  3418 | D:3      | Noticed Bubs's ghost (amateur OpAs)
  3600 | D:3      | Reached XP level 4. HP: 25/25 MP: 4/7
  3669 | D:3      | Reached skill level 4 in Earth Magic
  3958 | D:3      | Reached skill level 1 in Maces & Flails
  4338 | D:3      | Noticed Ijyb
  4508 | D:3      | Killed Ijyb
  4508 | D:3      | Reached XP level 5. HP: 13/30 MP: 5/9
  5789 | D:4      | Reached XP level 6. HP: 11/35 MP: 7/10
  6154 | D:3      | Reached skill level 5 in Earth Magic
  6188 | D:3      | Learned a level 3 spell: Stone Arrow
  6448 | D:4      | Noticed Robin
  6577 | D:4      | Killed Robin
  6929 | D:4      | Noticed Crazy Yiuf
  6945 | D:4      | Killed Crazy Yiuf
  6945 | D:4      | Reached XP level 7. HP: 26/40 MP: 11/11
  7084 | D:5      | Entered Level 5 of the Dungeon
  7221 | D:5      | Found an opulent altar of Gozag.
  7319 | D:5      | Found Ohylud's Antique Weapon Shop.
  7597 | D:5      | HP: 1/41 [centaur/wand of fire (13)]
  7599 | D:5      | Killed from afar by a centaur

Action                   |  1- 3 |  4- 6 |  7- 9 || total
-------------------------+-------+-------+-------++-------
Melee: Unarmed           |   127 |       |       ||   127
       Club              |    98 |   305 |       ||   403
       Flail             |       |    56 |    79 ||   135
       Mace              |       |     8 |       ||     8
       Dagger            |       |     6 |       ||     6
 Fire: Blowgun           |       |    51 |     3 ||    54
 Cast: Sandblast         |    54 |       |       ||    54
       Stoneskin         |     5 |    31 |     8 ||    44
       Stone Arrow       |       |       |     3 ||     3
  Use: Scroll            |     8 |     1 |       ||     9
       Potion            |       |     4 |     1 ||     5
 Stab: Sleeping          |       |     5 |       ||     5
  Eat: Chunk             |     8 |    12 |       ||    20
       Beef jerky        |     1 |       |       ||     1
       Royal jelly       |       |     1 |       ||     1
       Meat ration       |       |       |     1 ||     1
